 Dungeon Crawl Stone Soup version 0.27-a0-909-g0721f309d1 (webtiles) character file.

Game seed: 6260058662283236149

154 HELP the Sneak (level 5, -10/31 HPs)
             Began as an Octopode Enchanter on Apr 8, 2021.
             Mangled by a wyvern skeleton (12 damage)
             ... on level 3 of the Dungeon.
             The game lasted 00:06:26 (2501 turns).

HELP the Sneak (Octopode Enchanter)                 Turns: 2501, Time: 00:06:27

Health: -10/31     AC:  5    Str:  7    XL:     5   Next: 36%
Magic:  8/9        EV: 13    Int: 19    God:
Gold:   97         SH:  0    Dex: 12    Spells: 3/9 levels left

rFire    . . .     SeeInvis .   a - +1 dagger
rCold    . . .     Faith    .   (no shield)
rNeg     . . .     Spirit   .   (helmet restricted)
rPois    .         Reflect  .   (no amulet)
rElec    .         Harm     .   d - +4 ring of protection
rCorr    .         Rampage  .   (no ring)
Will     .....                  (no ring)
Stlth    ++++......             (no ring)
HPRegen  0.10/turn              (no ring)
MPRegen  0.11/turn              (no ring)
                                (no ring)
                                (no ring)

@: no status effects
A: almost no armour, amphibious, 8 rings, camouflage 1, gelatinous body 1,
(nimble swimmer 1), tentacles
a: no special abilities


You were on level 3 of the Dungeon.
You visited 1 branch of the dungeon, and saw 3 of its levels.

You collected 97 gold pieces.

Inventory:

Hand Weapons
 a - a +1 dagger (weapon)
 b - a +4 short sword
Missiles
 c - 109 stones
 h - 23 sling bullets
 j - 19 poisoned darts
 n - 3 datura-tipped darts
Jewellery
 d - a +4 ring of protection (left tentacle)
Wands
 p - a wand of mindburst (11)
 r - a wand of charming (9)
Scrolls
 g - a scroll of teleportation {unknown}
 i - a scroll of torment {unknown}
 l - 2 scrolls of identify {unknown}
 m - 3 scrolls of blinking {unknown}
 q - a scroll of enchant weapon {unknown}
Potions
 e - 3 potions of resistance {unknown}
 f - a potion of might {unknown}
 k - a potion of curing {unknown}
 o - a potion of haste {unknown}
 s - a potion of invisibility {unknown}


   Skills:
 - Level 1.0 Short Blades
 - Level 2.0 Dodging
 + Level 5.2 Stealth
 + Level 2.9 Spellcasting
 * Level 4.5 Hexes
 + Level 1.2 Ice Magic


You had 3 spell levels left.
You knew the following spells:

 Your Spells              Type           Power      Damage    Failure   Level
a - Corona                Hex            21%        N/A       2%          1
c - Confusing Touch       Hex            19%        N/A       8%          3
z - Ensorcelled Hibernat  Hex/Ice        26%        N/A       7%          2

Your spell library contained the following spells:

 Spells                   Type           Power      Damage    Failure   Level
 Tukima's Dance           Hex            19%        N/A       8%          3
 Dazzling Flash           Conj/Hex       22%        N/A       19%         3


Dungeon Overview and Level Annotations

Branches:
Dungeon (3/15)

Altars:
Fedhas
Hepliaklqana


Innate Abilities, Weirdness & Mutations

You cannot wear most types of armour.
You are amphibious.
You can wear up to eight rings at the same time.
Your skin changes colour to match your surroundings (Stealth+).
Your rubbery body absorbs attacks. (AC +1, EV +1)
((You are camouflaged near water. (Stealth+)))
You have tentacles for arms and can constrict up to eight enemies at once.


Message History

The wyvern skeleton misses you.
Casting: Confusing Touch (quite dangerous; 8% risk of failure)
Confirm with . or Enter, or press ? or * to list all spells.
Aiming: Corona (safe; 2% risk of failure)
Press: ? - help, Shift-Dir - straight line, f - wyvern skeleton
Aim: a wyvern skeleton (heavily damaged, chance to affect: 69%)
The wyvern skeleton is outlined in light.
The wyvern skeleton misses you.
You hit the wyvern skeleton. You squeeze the wyvern skeleton.
The wyvern skeleton is severely damaged.
The wyvern skeleton bites you. The wyvern skeleton bites you!
You are too injured to fight recklessly!
You are too injured to fight recklessly!
You are too injured to fight recklessly!
You hit the wyvern skeleton.
The wyvern skeleton is severely damaged.
The wyvern skeleton closely misses you.
You hit the wyvern skeleton.
The wyvern skeleton is severely damaged.
The wyvern skeleton bites you.
You hit the wyvern skeleton. You squeeze the wyvern skeleton.
The wyvern skeleton is severely damaged.
The wyvern skeleton completely misses you.
You hit the wyvern skeleton.
Your squeeze misses the wyvern skeleton.
The wyvern skeleton is severely damaged.
The wyvern skeleton bites you!
* * * LOW HITPOINT WARNING * * *
You hit the wyvern skeleton.
The wyvern skeleton is almost destroyed.
The wyvern skeleton bites you but does no damage.
The wyvern skeleton bites you.
* * * LOW HITPOINT WARNING * * *
You hit the wyvern skeleton.
The wyvern skeleton is almost destroyed.
The wyvern skeleton closely misses you.
You hit the wyvern skeleton but do no damage.
The wyvern skeleton is almost destroyed.
The wyvern skeleton stops glowing.
The wyvern skeleton bites you!
You die...

#.......#
##.###### #.#
###### ### #.#
#.... .... #.#
#.#.##.#..
#.######.#.#.....
#................
########.#.#.....
#.@Z......
######.#.#


You could see a wyvern skeleton.

Vanquished Creatures
  Jessica (D:3)
  Natasha (twice) (D:3)
  3 adders (D:2)
  3 worms
  An orc (D:3)
  8 ball pythons
  3 endoplasms
  A giant cockroach (D:1)
  4 goblins
  2 hobgoblins (D:1)
  3 jackals
  5 kobolds
  2 quokkas
  4 bats
  3 frilled lizards
  3 rats
48 creatures vanquished.

Notes
Turn   | Place    | Note
-------+----------+-------------------------------------------
     0 | D:1      | HELP the Octopode Enchanter began the quest for the Orb.
     0 | D:1      | Reached XP level 1. HP: 11/11 MP: 3/3
   231 | D:1      | Reached XP level 2. HP: 17/17 MP: 5/5
   264 | D:1      | Learned a level 2 spell: Ensorcelled Hibernation
   850 | D:1      | Reached XP level 3. HP: 21/21 MP: 6/6
  1207 | D:2      | Found a faded altar of an unknown god.
  1402 | D:2      | Found a blossoming altar of Fedhas.
  1641 | D:2      | Reached XP level 4. HP: 27/27 MP: 4/7
  2065 | D:3      | Learned a level 3 spell: Confusing Touch
  2146 | D:3      | Found a faded altar of an unknown god.
  2146 | D:3      | Noticed Jessica
  2147 | D:3      | Found a hazy altar of Hepliaklqana.
  2149 | D:3      | Killed Jessica
  2150 | D:3      | Reached skill level 5 in Stealth
  2186 | D:3      | Noticed Natasha
  2193 | D:3      | Killed Natasha
  2194 | D:3      | Reached skill level 1 in Ice Magic
  2194 | D:3      | Reached XP level 5. HP: 31/31 MP: 2/9
  2374 | D:3      | Noticed Natasha
  2380 | D:3      | Killed Natasha
  2501 | D:3      | Mangled by a wyvern skeleton

Illustrated notes

Levels and vault maps discovered:
D:1:      erik_arrival_cave_to_civilisation [erik_arrival_cave_to_hall],
          layout_basic, grunt_decor_arrowhead
D:2:      layout_rooms, basic_altar, basic_ecumenical_altar,
          grunt_decor_one_mirror
D:3:      layout_loops_corners, beargit_hepliaklqana_dungeon_heroes,
          minmay_pentomino_pile, uniq_natasha, uniq_jessica

Skill      XL: |  1  2  3  4 |
---------------+-------------+-----
Hexes          | 4 |  4.5
Stealth        | 5 |  5.2
Ice Magic      | 1 |  1.2
Short Blades   | |  1.0
Dodging        | |  2.0
Spellcasting   | |  2.9

Action                   |  1- 3 |  4- 6 || total
-------------------------+-------+-------++-------
Melee: Dagger            |    64 |    25 ||    89
       Constrict         |    11 |     3 ||    14
       Tentacles         |     8 |     4 ||    12
 Cast: Corona            |     7 |     3 ||    10
       Ensorcelled Hiber |     9 |     6 ||    15
       Confusing Touch   |       |     1 ||     1
 Stab: Sleeping          |    23 |     9 ||    32
       Confused          |       |     1 ||     1
Armor: Skin              |     6 |     1 ||     7
Dodge: Dodged            |    30 |    14 ||    44

Table legend: (Time is in decaauts)
 A = Elapsed time spent in this place.
 B = Non-inter-level travel time spent in this place.
 C = Inter-level travel time spent in this place.
 D = Time resting spent in this place.
 E = Time spent auto-exploring this place.
 F = Levels seen in this place.
 G = Mean time per level.
                   A        B        C        D        E       F      G
               +--------+--------+--------+--------+--------+-----+--------+
         Total |   2496 |   2419 |     77 |    159 |   1869 |   3 |  832.0 |
       Dungeon |   2496 |   2419 |     77 |    159 |   1869 |   3 |  832.0 |
               +--------+--------+--------+--------+--------+-----+--------+

Top non-repeatable levels by time:
     D:1: 1279 daAuts
     D:2: 776 daAuts
     D:3: 440 daAuts
